 Dungeon Crawl Stone Soup version 0.22-a0-179-gb5258fd (webtiles) character file.

2 wolfsongas the Changer (level 1, 0/13 HPs)
             Began as a Gnoll Wanderer on Feb 13, 2018.
             Slain by a rat (1 damage)
             ... on level 1 of the Dungeon.
             The game lasted 00:00:54 (73 turns).

wolfsongas the Changer (Gnoll Wanderer)               Turns: 73, Time: 00:00:55

Health: 0/13       AC:  2    Str: 14    XL:     1   Next: 30%
Magic:  1/6        EV:  8    Int: 15    God:
Gold:   18         SH:  8    Dex: 13    Spells: 7/9 levels left

rFire    . . .     SeeInvis .   e - +0 club
rCold    . . .     Gourm    .   a - +0 shield
rNeg     . . .     Faith    .   d - +0 robe
rPois    .         Spirit   .   (no helmet)
rElec    .         Reflect  .   (no cloak)
rCorr    .         Harm     .   (no gloves)
MR       .....                  (no boots)
Stlth    +.........             (no amulet)
HPRegen  0.04/turn              (no ring)
MPRegen  0.10/turn              (no ring)

@: very slightly contaminated
A: distributed training, fangs 1, strong nose
a: no special abilities


You were on level 1 of the Dungeon.
You were not hungry.

You visited 1 branch of the dungeon, and saw 1 of its levels.

You collected 18 gold pieces.

Inventory:

Hand Weapons
 e - a +0 club (weapon)
Armour
 a - a +0 shield (worn)
 d - a +0 robe (worn)
Books
 b - the Tome of Attacks

   Spells                             Type                      Level
   a - Magic Dart                     Conjuration                  1
   b - Mephitic Cloud                 Conjuration/Poison/Air       3
 c - the Catalogue of Good Intentions

   Spells                             Type                      Level
   a - Apportation                    Translocation                1
   b - Recall                         Summoning/Translocation      3
Comestibles
 f - a ration
 g - a chunk of flesh


   Skills:
 + Level 0.0 Fighting
 + Level 0.0 Short Blades
 + Level 0.0 Long Blades
 + Level 0.0 Axes
 + Level 0.0 Maces & Flails
 + Level 0.0 Polearms
 + Level 0.0 Staves
 + Level 0.0 Slings
 + Level 0.0 Bows
 + Level 0.0 Crossbows
 + Level 2.3 Throwing
 + Level 0.0 Armour
 + Level 0.0 Dodging
 + Level 0.0 Stealth
 + Level 2.3 Shields
 + Level 0.0 Unarmed Combat
 + Level 4.8 Spellcasting
 + Level 0.0 Conjurations
 + Level 0.0 Hexes
 + Level 0.0 Charms
 + Level 0.0 Summonings
 + Level 0.0 Necromancy
 + Level 3.6 Translocations
 + Level 5.3 Transmutations
 + Level 0.0 Fire Magic
 + Level 0.0 Ice Magic
 + Level 0.0 Air Magic
 + Level 0.0 Earth Magic
 + Level 1.9 Poison Magic
 + Level 0.0 Invocations
 + Level 0.0 Evocations


You had 7 spell levels left.
You knew the following spells:

 Your Spells              Type           Power        Failure   Level  Hunger
a - Apportation           Tloc           ##....       19%         1    None
b - Magic Dart            Conj           #...         65%         1    None


Dungeon Overview and Level Annotations

Branches:
Dungeon (1/15)

Altars:


Innate Abilities, Weirdness & Mutations

Your experience applies equally to all skills.
You have very sharp teeth.
Your uncanny sense of smell can sniff out nearby items.


Message History

Confirm with . or Enter, or press ? or * to list all spells.
Aiming: Magic Dart (safe; 65% risk of failure)
Press: ? - help, Shift-Dir - straight line, f/p - rat
Aim: a rat The magic dart hits the rat.
The bat hits you but does no damage. The rat bites you.
* * * LOW HITPOINT WARNING * * *
You aren't carrying any potions.
As you read the scroll labeled LENITS DUKLUKANT, it crumbles to dust.
It is a scroll of identify.
You don't have any unidentified items.
The bat hits you.
* * * LOW HITPOINT WARNING * * *
The bat hits you but does no damage. The rat bites you but does no damage.
You hit the rat but do no damage. The bat closely misses you.
You block the bat's attack. The rat completely misses you.
You hit the rat but do no damage. Your bite misses the rat.
The bat hits you but does no damage. You block the bat's attack.
The bat barely misses you. The rat bites you.
You die...

### #.### # #
...##... #
###.#...#########
#.....#).........
###.#
#...#########
...# #..##
#.###.##
####.###r....#
......b@.#.###
########.#.#
#.#.# #.#.# #.#.#
#.#.# ∆ #.#.# .#


You could see a bat and a rat.

Vanquished Creatures
  A hobgoblin (D:1)
  A rat (D:1)
2 creatures vanquished.

Notes
Turn   | Place    | Note
-------+----------+-------------------------------------------
     0 | D:1      | wolfsongas the Gnoll Wanderer began the quest for the Orb.
     0 | D:1      | wolfsongas set off with: a +0 shield, the Tome of Attacks, the Catalogue of Good Intentions, a +0 robe, a +0 club, a ration
     0 | D:1      | Reached XP level 1. HP: 13/13 MP: 6/6
     0 | D:1      | Identified the Catalogue of Good Intentions
     2 | D:1      | Learned a level 1 spell: Apportation
     2 | D:1      | Identified the Tome of Attacks
     4 | D:1      | Learned a level 1 spell: Magic Dart
    73 | D:1      | Slain by a rat

Vault maps used:
D:1:      dpeg_arrival_pond

Action                   || total
-------------------------++-------
Melee: Club              ||    13
 Cast: Magic Dart        ||     2
  Use: Scroll            ||     1
Armor: Robe              ||    14
Dodge: Dodged            ||    15
Block: Shield            ||    11

Table legend:
 A = Spawn XP
 B = Non-spawn XP
 C = Spawn XP percentage of total XP
 D = Spawn monster count
 E = Non-spawn monster count
 F = Spawn count percentage of total count
 G = Total turns spent on level
                    A         B        C        D         E        F      G
               +---------+---------+-------+---------+---------+-------+---------
         Total |       0 |       3 |   0.0 |       0 |       2 |   0.0 |    73
               +---------+---------+-------+---------+---------+-------+---------
           D:1 |       0 |       3 |   0.0 |       0 |       2 |   0.0 |    73
               +---------+---------+-------+---------+---------+-------+---------
